Map: Kairos Junction LE

Players

jheffe - Winner!

  • Race: Terran Terran
  • League: Master
  • Spawn Location: 5:00

A.I. 2 (Very Hard)

  • Race: Zerg Zerg
  • Spawn Location: 11:00

VOD

Have the link to the VOD?

Description

Time

  • Played on: July 29, 2019, 10:29 p.m.
  • Length: 10:39
Show
View Real Time Build Order
Export as new Build Order

jheffe Terran - Winner!

Build Orders: Liberator Opening, Reaper Expand 

Get SALT Encoding   

  12  0:00  SCV  
  13  0:13  SCV  
  14  0:17  Supply Depot  
  14  0:25  SCV  
  15  0:38  SCV  
  15  0:40  Barracks  
  16  0:44  Refinery  
  16  0:50  SCV  
  17  1:03  SCV  
  18  1:15  SCV  
  19  1:27  Reaper, Orbital Command  
  20  1:41  Command Center  
  20  1:49  Supply Depot  
  20  1:53  SCV  
  21  1:59  Marine  
  22  2:05  SCV  
  22  2:08  Factory  
  23  2:13  Refinery  
  23  2:17  SCV  
  23  2:22  Barracks Reactor  
  24  2:29  SCV  
  25  2:41  SCV  
  26  2:53  Orbital Command, Starport  
  26  2:55  SCV  
  27  3:03  Hellion x2  
  27  3:04  Barracks Tech Lab  
  31  3:07  SCV  
  32  3:15  Liberator  
  32  3:21  SCV x2  
  32  3:24  Supply Depot  
  32  3:25  Hellion  
  32  3:26  Hellion  
  41  3:35  SCV  
  41  3:37  SCV  
  41  3:39  Stimpack  
  43  3:47  SCV, Hellion  
  48  3:48  Hellion  
  48  3:49  SCV  
  48  3:52  Supply Depot  
  49  3:59  SCV  
  49  4:01  SCV  
  51  4:11  SCV  
  51  4:13  Command Center  
  51  4:16  SCV  
  53  4:22  Barracks  
  53  4:23  Factory Tech Lab  
  53  4:24  SCV, Barracks  
  54  4:26  Starport Reactor  
  54  4:28  SCV  
  55  4:36  SCV  
  56  4:39  Engineering Bay x2  
  56  4:41  SCV  
  56  4:42  Supply Depot  
  55  4:47  Refinery  
  55  4:48  SCV  
  55  4:50  Refinery  
  56  4:53  SCV  
  56  4:55  Siege Tank  
  57  5:00  SCV  
  57  5:05  SCV  
  57  5:06  Terran Infantry Weapons Level 1  
  59  5:07  Starport Reactor, Terran Infantry Armor Level 1  
  59  5:10  Marine  
  59  5:12  SCV  
  59  5:14  Marine  
  61  5:17  SCV  
  61  5:20  Marine x2  
  65  5:24  SCV  
  65  5:25  Orbital Command  
  65  5:26  Marine  
  65  5:27  Marine  
  68  5:31  SCV  
  68  5:34  Marine, Siege Tank  
  73  5:39  Supply Depot  
  73  5:41  Combat Shield, Marine x2  
  75  5:44  Marine  
  75  5:46  Medivac  
  75  5:47  Medivac  
  75  5:49  SCV x2  
  82  5:53  Orbital Command  
  82  6:01  SCV, Marine x2  
  82  6:02  Marine x2  
  87  6:05  Supply Depot  
  87  6:06  Supply Depot  
  87  6:12  Marine, SCV  
  87  6:15  SCV  
  90  6:19  Marine  
  90  6:20  SCV, Barracks  
  90  6:22  Barracks  
  90  6:24  SCV  
  93  6:26  Marine x2  
  93  6:28  SCV  
  93  6:32  Marine x2  
  98  6:33  Supply Depot, Siege Tank  
  98  6:34  Supply Depot  
  98  6:38  SCV x2  
  103  6:40  Marine, Armory  
  103  6:41  Medivac x2  
  103  6:44  SCV  
  109  6:54  Marine x3  
  109  6:55  SCV x2  
  109  6:56  SCV, Supply Depot  
  109  6:59  Refinery, Supply Depot  
  109  7:00  Factory  
  115  7:03  Marine x2  
  115  7:04  Refinery  
  115  7:07  SCV x2, Siege Tank  
  122  7:12  SCV  
  122  7:13  Supply Depot  
  123  7:19  SCV  
  123  7:20  SCV  
  125  7:24  Barracks Reactor, Marine x3, SCV  
  125  7:25  Barracks Reactor, Supply Depot, Marine  
  125  7:29  Terran Infantry Weapons Level 2  
  130  7:31  Terran Infantry Armor Level 2, SCV  
  130  7:32  SCV  
  130  7:36  SCV  
  132  7:38  Marine  
  132  7:40  Siege Tank  
  132  7:42  Marine x3  
  132  7:43  SCV  
  137  7:46  Factory Tech Lab  
  137  7:48  SCV  
  137  7:50  Marine  
  138  7:56  Marine  
  139  7:59  Marine, Supply Depot  
  139  8:00  Marine x2, Supply Depot  
  139  8:05  Siege Tank  
  145  8:11  Marine x5  
  153  8:12  Siege Tank  
  153  8:13  Command Center  
  153  8:18  Marine x4  
  156  8:21  Medivac x2  
  160  8:29  Marine x3  
  160  8:31  Barracks  
  160  8:33  Barracks, Supply Depot x2  
  162  8:34  Barracks  
  160  8:43  Marine x5  
  160  8:44  Marine  
  160  8:47  Marine x3  
  168  9:01  Marine x3  
  171  9:04  Marine, Siege Tank x2  
  171  9:05  Marine x2  
  180  9:15  Marine x3  
  180  9:16  Medivac x2  
  187  9:22  Barracks Tech Lab  
  187  9:23  Barracks Tech Lab x2  
  187  9:24  Marine x5  
  192  9:34  Marine x4  
  192  9:37  Siege Tank  
  199  9:42  Marine  
  199  9:44  Planetary Fortress  
  200  9:45  Command Center  
  199  10:11  Marine  
Show
View Real Time Build Order
Export as new Build Order

A.I. 2 (Very Hard) Zerg 

Build Orders: Hatch First 

Get SALT Encoding   

  12  0:00  Drone  
  13  0:12  Overlord  
  13  0:16  Drone  
  14  0:30  Drone x2  
  14  0:34  Drone  
  17  0:53  Hatchery  
  17  0:56  Drone  
  17  1:13  Spawning Pool  
  17  1:15  Extractor, Drone  
  16  1:19  Drone  
  16  1:23  Drone  
  18  1:27  Drone  
  19  1:38  Overlord  
  19  1:49  Drone  
  20  2:01  Queen  
  20  2:03  Zergling x2  
  20  2:05  Drone  
  24  2:13  Queen  
  26  2:18  Drone  
  27  2:22  Drone  
  27  2:32  Zergling x2  
  27  2:40  Roach Warren  
  27  2:42  Drone  
  26  2:46  Drone  
  26  2:51  Extractor  
  26  2:54  Drone  
  27  3:01  Zergling x2  
  27  3:05  Overlord  
  27  3:08  Drone  
  27  3:11  Drone  
  29  3:15  Drone  
  29  3:18  Drone  
  30  3:21  Drone  
  30  3:25  Drone  
  32  3:28  Zergling x2  
  32  3:31  Zergling x2  
  33  3:35  Zergling x2  
  33  3:39  Roach  
  36  3:44  Drone  
  36  3:48  Roach  
  38  3:52  Roach  
  38  3:55  Zergling x2  
  39  3:58  Zergling x2  
  39  4:00  Zergling x2  
  40  4:05  Roach  
  40  4:08  Drone  
  43  4:10  Drone  
  44  4:17  Overlord  
  44  4:25  Lair  
  44  4:30  Metabolic Boost  
  44  4:35  Drone  
  44  4:38  Drone  
  46  4:40  Zergling x2  
  46  4:43  Drone  
  46  4:45  Drone  
  48  4:49  Drone  
  45  4:53  Drone  
  45  4:58  Drone  
  45  4:59  Drone  
  45  5:05  Roach  
  47  5:09  Overlord  
  47  5:13  Roach  
  49  5:25  Drone  
  49  5:26  Hydralisk Den  
  49  5:27  Drone  
  50  5:29  Drone  
  50  5:32  Drone  
  52  5:35  Overlord  
  52  5:38  Drone  
  52  5:40  Drone  
  54  5:43  Drone  
  54  5:45  Drone  
  54  5:47  Drone  
  54  5:49  Drone  
  58  5:54  Drone  
  58  5:55  Overlord  
  59  5:57  Hydralisk, Drone  
  59  6:00  Hydralisk  
  59  6:02  Drone  
  65  6:05  Drone  
  65  6:06  Drone  
  65  6:07  Drone  
  68  6:13  Drone  
  68  6:15  Infestation Pit  
  68  6:19  Overlord  
  68  6:21  Drone  
  68  6:23  Drone  
  72  6:25  Roach  
  72  6:28  Roach  
  74  6:37  Ravager, Roach, Hydralisk  
  79  6:40  Evolution Chamber  
  79  6:41  Overlord  
  79  6:42  Drone  
  79  6:44  Roach  
  81  6:48  Baneling Nest  
  81  6:49  Drone  
  81  6:52  Infestor  
  83  6:58  Roach, Extractor  
  83  6:59  Overlord, Drone  
  85  7:06  Zerg Missile Weapons Level 1, Extractor  
  84  7:09  Overseer  
  84  7:19  Evolution Chamber  
  84  7:20  Drone x3  
  84  7:21  Spine Crawler  
  84  7:22  Drone  
  86  7:24  Infestor  
  86  7:28  Overlord, Drone x2  
  86  7:29  Drone  
  91  7:32  Zergling x2, Baneling x2  
  91  7:33  Baneling  
  91  7:34  Zergling x6  
  91  7:36  Baneling  
  94  7:39  Zergling x2  
  71  7:45  Roach  
  71  7:50  Roach  
  68  7:52  Baneling  
  68  7:53  Zergling x2, Hydralisk  
  68  7:54  Roach  
  68  7:55  Zergling x2  
  72  8:01  Roach  
  72  8:04  Overseer  
  72  8:05  Zergling x2, Hydralisk  
  73  8:06  Roach  
  73  8:07  Zergling x2  
  73  8:12  Roach  
  79  8:17  Zergling x2  
  69  8:23  Roach  
  69  8:25  Zergling x2  
  69  8:26  Zergling x2, Roach  
  61  8:28  Infestor  
  56  8:35  Zergling x2  
  56  8:37  Drone  
  56  8:38  Zergling x4  
  56  8:40  Roach  
  56  8:41  Baneling  
  47  8:51  Roach  
  46  9:01  Zergling x2  
  45  9:09  Zergling x2, Roach, Drone  
  46  9:12  Infestor  
  48  9:19  Extractor  
  48  9:24  Zergling x2, Baneling  
  48  9:27  Hatchery  
  47  9:34  Roach  
  47  9:36  Extractor  
  36  9:41  Zergling x2, Roach x2  
  39  9:46  Drone  
  39  9:49  Overseer  
  40  9:56  Hydralisk  
  31  10:24  Spawning Pool  
Tags
 
Add a new tag
Caveats
  • Supply blocks, unpowered buildings, or Contaminate may cause inaccurate times.
  • Supply counts are checked every 10 seconds.